 Dungeon Crawl Stone Soup version 0.27.0-1-g7a089689b8 (webtiles) character file.

Game seed: 17049236771144192866

217 Descartes the Chucker (level 5, -4/48 HPs)
             Began as a Troll Hunter on July 31, 2021.
             Slain by Crazy Yiuf (12 damage)
             ... on level 3 of the Dungeon.
             The game lasted 00:03:29 (2103 turns).

Descartes the Chucker (Troll Hunter)                Turns: 2103, Time: 00:03:29

Health: -4/48      AC:  4    Str: 20    XL:     5   Next: 62%
Magic:  4/4        EV: 10    Int:  8    God:
Gold:   154        SH:  0    Dex: 10    Spells: 4/4 levels left

rFire    . . .     SeeInvis .     - Unarmed
rCold    . . .     Faith    .   (no shield)
rNeg     . . .     Spirit   .   b - +0 robe
rPois    .         Reflect  .   (helmet restricted)
rElec    .         Harm     .   (no cloak)
rCorr    .         Rampage  .   (gloves unavailable)
Will     .....                  (boots unavailable)
Stlth    +.........             (no amulet)
HPRegen  1.16/turn              (no ring)
MPRegen  0.09/turn              (no ring)

@: lethally poisoned (-4 -> -5)
A: large, unfitting armour, claws 3, regeneration 1, shaggy fur 1, tough skin 1
a: no special abilities


You were on level 3 of the Dungeon.
You visited 1 branch of the dungeon, and saw 3 of its levels.

You collected 154 gold pieces.

Inventory:

Missiles
 c - 5 large rocks (quivered)
 d - 2 throwing nets
 f - 71 stones
 h - 11 boomerangs
Armour
 b - a +0 robe (worn)
Jewellery
 p - an amulet of magic regeneration
Scrolls
 g - a scroll of magic mapping {unknown}
 j - a scroll of amnesia {unknown}
 k - a scroll of enchant armour {unknown}
 l - a scroll of silence {unknown}
 n - a scroll of identify {unknown}
 o - a scroll of enchant weapon {unknown}
Potions
 a - 2 potions of heal wounds {unknown}
 e - 2 potions of flight {unknown}
 i - 3 potions of degeneration {unknown}
 m - a potion of cancellation {unknown}


   Skills:
 - Level 1.5 Fighting
 + Level 4.7 Throwing
 + Level 3.0 Dodging
 - Level 0.3 Stealth
 + Level 2.9 Unarmed Combat


You had 4 spell levels left.
You didn't know any spells.
Your spell library contained the following spells:

 Spells                   Type           Power      Damage    Failure   Level
 Pain                     Necr           0%         1d4       41%         1
 Ensorcelled Hibernation  Hex/Ice        0%         N/A       54%         2
 Spider Form              Tmut/Pois      0%         N/A       78%         3
 Agony                    Necr           0%         N/A       100%        5
 Excruciating Wounds      Necr           0%         N/A       100%        5
 Shadow Creatures         Summ           N/A        N/A       100%        6


Dungeon Overview and Level Annotations

Branches:
Dungeon (3/15)

Altars:
Kikubaaqudgha
Beogh

Annotations:
D:3 3 runed translucent doors, Crazy Yiuf; weresquid's ghost, amateur DjFE


Innate Abilities, Weirdness & Mutations

You are too large for most types of armour.
You have claws for hands.
Your natural rate of healing is unusually fast.
You are covered in fur. (AC +1)
You have tough skin. (AC +1)


Message History

Crazy Yiuf barely misses you.
You barely miss Crazy Yiuf.
Crazy Yiuf is lightly wounded.
Crazy Yiuf whimpers, "Pitchfork noodlescoop head!"
Crazy Yiuf hits you with a +2 quarterstaff of chaos.
Crazy Yiuf freezes you.
You scratch Crazy Yiuf but do no damage.
Crazy Yiuf is lightly wounded.
Crazy Yiuf hits you with a +2 quarterstaff of chaos!
Crazy Yiuf freezes you.
You barely miss Crazy Yiuf.
Crazy Yiuf is lightly wounded.
Crazy Yiuf sings, "Trees, trees, trees, circus!"
Crazy Yiuf barely misses you.
You scratch Crazy Yiuf but do no damage.
Crazy Yiuf is lightly wounded.
Crazy Yiuf closely misses you.
You scratch Crazy Yiuf.
Crazy Yiuf is moderately wounded.
You closely miss Crazy Yiuf.
Crazy Yiuf is moderately wounded.
Crazy Yiuf hits you with a +2 quarterstaff of chaos.
You are electrocuted!!
* * * LOW HITPOINT WARNING * * *
You closely miss Crazy Yiuf.
Crazy Yiuf is moderately wounded.
Crazy Yiuf cries, "Rot childish tired!"
Crazy Yiuf hits you with a +2 quarterstaff of chaos.
* * * LOW HITPOINT WARNING * * *
You are poisoned.
You scratch Crazy Yiuf.
Crazy Yiuf is moderately wounded.
You feel sick.
Crazy Yiuf waves his quarterstaff at you.
Crazy Yiuf closely misses you.
You claw Crazy Yiuf!
Crazy Yiuf is almost dead.
You feel sick.
Crazy Yiuf hits you with a +2 quarterstaff of chaos!
You die...

...........# ##....# ...
...........# #....# ..#........#
#PP..# ..#........# ##P.)#
..###......# ##)## ..##.......#
##)# ..##.....#.# #)##
.........#.# ##)# #.#.# ....
......###..# #@## ###.#.#.....
......##...# #g# #.....#.....
..^...##...# ))) #.....#.....
....####...# #)))# #.....#.....
.......#...# #).)# #...........
...........# ##### #...........
...........# #...†.......
...........###########.###.......
.............##........# #...####


You could see Crazy Yiuf.

Vanquished Creatures
  A scorpion (D:1)
  An orc wizard (D:3)
  4 gnolls
  3 adders
  A shadow imp (D:3)
  A dart slug (D:2)
  5 orcs (D:3)
  7 endoplasms
  A giant cockroach (D:1)
  2 goblins
  2 hobgoblins (D:2)
  3 jackals (D:1)
  3 quokkas
  3 ball pythons
  3 bats
  3 frilled lizards
  9 kobolds
  4 rats
56 creatures vanquished.

Vanquished Creatures (others)
  A fungus (D:3)
1 creature vanquished.

Grand Total: 57 creatures vanquished

Notes
Turn   | Place    | Note
-------+----------+-------------------------------------------
     0 | D:1      | Descartes the Troll Hunter began the quest for the Orb.
     0 | D:1      | Reached XP level 1. HP: 19/19 MP: 0/0
   109 | D:1      | Reached XP level 2. HP: 20/27 MP: 1/1
   159 | D:1      | Reached skill level 1 in Unarmed Combat
   716 | D:2      | Noticed a scorpion
   724 | D:2      | Reached XP level 3. HP: 23/33 MP: 2/2
   737 | D:1      | Reached skill level 4 in Throwing
   753 | D:1      | Killed a scorpion
   754 | D:1      | Reached XP level 4. HP: 11/41 MP: 3/3
   811 | D:2      | Found an ancient bone altar of Kikubaaqudgha.
  1478 | D:3      | HP: 2/41 [gnoll (7)]
  1482 | D:2      | Reached XP level 5. HP: 7/48 MP: 4/4
  1631 | D:3      | Identified the +9 mace of Death {vorpal, *Noise rElec rF+
                  | Int+2}
  1633 | D:3      | Found a runed translucent gate.
  1633 | D:3      | Found a runed translucent gate.
  1634 | D:3      | Found a runed translucent gate.
  1637 | D:3      | Noticed weresquid's ghost (amateur DjFE)
  2088 | D:3      | Found a runed translucent door.
  2089 | D:3      | Noticed Crazy Yiuf
  2103 | D:3      | Slain by Crazy Yiuf

Illustrated notes

Levels and vault maps discovered:
D:1:      dpeg_arrival_orchard, layout_basic, grunt_decor_arrowhead
D:2:      layout_basic, basic_altar
D:3:      layout_basic, biasface_ghost_orc_armoury, uniq_crazy_yiuf_cottage

Skill      XL: |  1  2  3  4  5 |
---------------+----------------+-----
Unarmed Combat | 1 2 |  2.9
Dodging        | 2 3 |  3.0
Throwing       | 4 |  4.7
Fighting       | |  1.5
Stealth        | |  0.3

Action                   |  1- 3 |  4- 6 || total
-------------------------+-------+-------++-------
Melee: Short sword       |    45 |       ||    45
       Unarmed           |    36 |   136 ||   172
       Punch             |     1 |     4 ||     5
 Stab: Sleeping          |     1 |       ||     1
Armor: Robe              |    59 |    41 ||   100
Dodge: Dodged            |    84 |    59 ||   143
